 Dungeon Sprint DCSS version 0.24-a0-93-ge1bfdf8443 (webtiles) character file.

Game seed: 9790575095663079772

93 Denreik the Conjurer (level 4, -7/34 HPs)
             Began as a Gnoll Conjurer on Feb 10, 2019.
             Mangled by an unseen horror (8 damage)
             ... in the Dungeon (Sprint II: "The Violet Keep of Menkaure").
             The game lasted 00:01:33 (320 turns).

Denreik the Conjurer (Gnoll Conjurer)                Turns: 320, Time: 00:01:33

Health: -7/34      AC:  2    Str: 11    XL:     4   Next: 62%
Magic:  10/11      EV: 15    Int: 18    God:
Gold:   243        SH:  0    Dex: 15    Spells: 13/14 levels left

rFire    . . .     SeeInvis .     - Unarmed
rCold    . . .     Gourm    .   (no shield)
rNeg     . . .     Faith    .   a - +0 robe
rPois    .         Spirit   .   (no helmet)
rElec    .         Reflect  .   (no cloak)
rCorr    .         Harm     .   (no gloves)
MR       .....     NoTele   +   (no boots)
Stlth    +++.......             (no amulet)
HPRegen  0.11/turn              (no ring)
MPRegen  0.12/turn              (no ring)

@: no status effects
A: distributed training, fangs 1, strong nose
a: no special abilities


You were in the Dungeon.
You were not hungry.

You visited 1 branch You collected 243 gold pieces.

Inventory:

Armour
 a - a +0 robe (worn)
Scrolls
 i - a scroll of blinking
Potions
 d - a potion of curing
 e - a potion of heal wounds
 f - a potion of haste
 h - a potion of berserk rage
Comestibles
 c - a ration


   Skills:
 + Level 2.8 Fighting
 + Level 2.8 Short Blades
 + Level 2.8 Long Blades
 + Level 2.8 Axes
 + Level 2.8 Maces & Flails
 + Level 2.8 Polearms
 + Level 2.8 Staves
 + Level 2.8 Slings
 + Level 2.8 Bows
 + Level 2.8 Crossbows
 + Level 2.8 Throwing
 + Level 2.8 Armour
 + Level 5.4 Dodging
 + Level 5.1 Stealth
 + Level 2.8 Shields
 + Level 2.8 Unarmed Combat
 + Level 5.8 Spellcasting
 + Level 7.5 Conjurations
 + Level 2.2 Hexes
 + Level 2.2 Charms
 + Level 2.2 Summonings
 + Level 2.2 Necromancy
 + Level 2.2 Translocations
 + Level 2.2 Transmutations
 + Level 2.2 Fire Magic
 + Level 2.2 Ice Magic
 + Level 2.2 Air Magic
 + Level 2.2 Earth Magic
 + Level 2.2 Poison Magic
 + Level 3.1 Invocations
 + Level 2.8 Evocations


You had 13 spell levels left.
You knew the following spells:

 Your Spells              Type           Power        Failure   Level  Hunger
a - Magic Dart            Conj           ####         1%          1    None

Your spell library contained the following spells:

 Spells                   Type           Power        Failure   Level  Hunger
 Searing Ray              Conj           ####..       1%          2    None
 Dazzling Spray           Conj/Hex       ###...       4%          3    ##.....
 Iskenderun's Mystic Bla  Conj           ####....     5%          4    ####...
 Force Lance              Conj/Tloc      ###.....     16%         4    ####...
 Fulminant Prism          Conj/Hex       ###.......   16%         4    ####...


Dungeon Overview and Level Annotations

Branches:
Dungeon (1/1)

Altars:
Cheibriados
Dithmenos
Elyvilon
Fedhas
Gozag
Kikubaaqudgha
Makhleb
Nemelex Xobeh
Sif Muna
Trog
Uskayaw
Yredelemnul
Beogh
Jiyva
Lugonu


Innate Abilities, Weirdness & Mutations

Your experience applies equally to all skills.
You have very sharp teeth.
Your uncanny sense of smell can sniff out nearby items.


Message History

Deactivating autopickup; reactivate with Ctrl-A.
There is an open door here.
Something hits you. x2
You see here 81 gold pieces.
Casting: Magic Dart (safe; 1% risk of failure)
Confirm with . or Enter, or press ? or * to list all spells.
Okay, then.
Casting: Magic Dart (safe; 1% risk of failure)
Confirm with . or Enter, or press ? or * to list all spells.
Okay, then.
Casting: Magic Dart (safe; 1% risk of failure)
Confirm with . or Enter, or press ? or * to list all spells.
Aiming: Magic Dart (safe; 1% risk of failure)
Press: ? - help, Shift-Dir - straight line The magic dart hits something.
Something hits you! Something hits you.
* * * LOW HITPOINT WARNING * * *
Something hits you!
* * * LOW HITPOINT WARNING * * *
Something hits you!
You die...

∆ ∆ ∆ ∆∆∆∆∆ ∆ ∆∆ ∆ ∆ ∆
##++## ##≈...###
#e§.....# ####....#∆ ∆∆
#.$@.^.(# ∆∆ ∆∆
#){####.# ∆∆ ∆∆ ∆ .####
∆+.### ∆∆ ∆∆ ...# #...#
∆∆ ###..## ##..# ∆ ∆∆
#+###.##..#∆ +..# ∆∆
##.##..##..# ∆#..# # ∆∆
∆+.<.'##.'..####^.##.#
∆∆
##.##..##..§.###.^.##▓▓▓


There were no monsters in sight!

Vanquished Creatures
  4 worker ants (D)
4 creatures vanquished.

Notes
Turn   | Place    | Note
-------+----------+-------------------------------------------
     0 | D        | Denreik the Gnoll Conjurer began the quest for the Orb.
     0 | D        | Reached XP level 1. HP: 13/13 MP: 6/6
     1 | D        | Noticed a worker ant
     1 | D        | Noticed a worker ant
     1 | D        | Noticed a worker ant
     1 | D        | Noticed a worker ant
     5 | D        | Killed a worker ant
     5 | D        | Reached skill level 1 in Fighting
     5 | D        | Reached skill level 1 in Short Blades
     5 | D        | Reached skill level 1 in Long Blades
     5 | D        | Reached skill level 1 in Axes
     5 | D        | Reached skill level 1 in Maces & Flails
     5 | D        | Reached skill level 1 in Polearms
     5 | D        | Reached skill level 1 in Staves
     5 | D        | Reached skill level 1 in Slings
     5 | D        | Reached skill level 1 in Bows
     5 | D        | Reached skill level 1 in Crossbows
     5 | D        | Reached skill level 1 in Throwing
     5 | D        | Reached skill level 1 in Armour
     5 | D        | Reached skill level 1 in Shields
     5 | D        | Reached skill level 1 in Unarmed Combat
     5 | D        | Reached skill level 5 in Spellcasting
     5 | D        | Reached skill level 1 in Hexes
     5 | D        | Reached skill level 1 in Charms
     5 | D        | Reached skill level 1 in Summonings
     5 | D        | Reached skill level 1 in Necromancy
     5 | D        | Reached skill level 1 in Translocations
     5 | D        | Reached skill level 1 in Transmutations
     5 | D        | Reached skill level 1 in Fire Magic
     5 | D        | Reached skill level 1 in Ice Magic
     5 | D        | Reached skill level 1 in Air Magic
     5 | D        | Reached skill level 1 in Earth Magic
     5 | D        | Reached skill level 1 in Poison Magic
     5 | D        | Reached skill level 1 in Invocations
     5 | D        | Reached skill level 1 in Evocations
     5 | D        | Reached XP level 2. HP: 21/21 MP: 2/8
     5 | D        | Reached XP level 3. HP: 26/26 MP: 2/9
    13 | D        | Reached skill level 5 in Dodging
    16 | D        | Reached XP level 4. HP: 13/34 MP: 2/11
    24 | D        | HP: 1/34 [worker ant (3)]
    25 | D        | Reached skill level 5 in Stealth
   298 | D        | Found a snail-covered altar of Cheibriados.
   298 | D        | Found a roughly hewn altar of Beogh.
   299 | D        | Found a shadowy altar of Dithmenos.
   299 | D        | Found a viscous altar of Jiyva.
   300 | D        | Found a white marble altar of Elyvilon.
   300 | D        | Found an ancient bone altar of Kikubaaqudgha.
   301 | D        | Found a blossoming altar of Fedhas.
   301 | D        | Found a corrupted altar of Lugonu.
   301 | D        | Found a deep blue altar of Sif Muna.
   302 | D        | Found an opulent altar of Gozag.
   302 | D        | Found a burning altar of Makhleb.
   302 | D        | Found a bloodstained altar of Trog.
   303 | D        | Found a sparkling altar of Nemelex Xobeh.
   303 | D        | Found a hide-covered altar of Uskayaw.
   304 | D        | Found a basalt altar of Yredelemnul.
   313 | D        | Noticed a deep elf master archer
   319 | D        | HP: 1/34 [something (7)]
   320 | D        | Mangled by an unseen horror

Levels and vault maps discovered:
D:        the_violet_keep_of_menkaure [sprint2_stairs_cluster_1,
          sprint2_shoproom, sprint2_temple, sprint2_basic_supplies,
          sprint2_obstacle_3, sprint2_obstacle_1, sprint2_obstacle_4,
          sprint2_obstacle_6, sprint2_obstacle_7, sprint2_timed_cluster_1,
          sprint2_smallroom_cluster_1, sprint2_smallroom_final_cluster_1,
          sprint2_transparent_cluster_1, sprint2_second_timed_cluster_1,
          sprint2_sniper_area_1, sprint2_heavy_combat_area_1,
          sprint2_mutation_trap_area_1, sprint2_forest_area_1,
          sprint2_light_combat_area_1, sprint2_behind_water_1,
          sprint2_near_end_vault_1]

Skill      XL: |  1  2  3  4 |
---------------+-------------+-----
Fighting       | 1 2 |  2.8
Short Blades   | 1 2 |  2.8
Long Blades    | 1 2 |  2.8
Axes           | 1 2 |  2.8
Maces & Flails | 1 2 |  2.8
Polearms       | 1 2 |  2.8
Staves         | 1 2 |  2.8
Slings         | 1 2 |  2.8
Bows           | 1 2 |  2.8
Crossbows      | 1 2 |  2.8
Throwing       | 1 2 |  2.8
Armour         | 1 2 |  2.8
Shields        | 1 2 |  2.8
Unarmed Combat | 1 2 |  2.8
Spellcasting   | 5 |  5.8
Hexes          | 1 2 |  2.2
Charms         | 1 2 |  2.2
Summonings     | 1 2 |  2.2
Necromancy     | 1 2 |  2.2
Translocations | 1 2 |  2.2
Transmutations | 1 2 |  2.2
Fire Magic     | 1 2 |  2.2
Ice Magic      | 1 2 |  2.2
Air Magic      | 1 2 |  2.2
Earth Magic    | 1 2 |  2.2
Poison Magic   | 1 2 |  2.2
Invocations    | 1 2 3 |  3.1
Evocations     | 1 2 |  2.8
Dodging        | 5 |  5.4
Stealth        | 5 |  5.1
Conjurations   | |  7.5

Action                   |  1- 3 |  4- 6 || total
-------------------------+-------+-------++-------
Melee: Unarmed           |       |     3 ||     3
 Cast: Magic Dart        |    13 |     7 ||    20
  Use: Potion            |     1 |     1 ||     2
Dodge: Dodged            |    10 |     9 ||    19

Table legend:
 A = Non-vault XP
 B = Vault XP
 C = Vault XP percentage of total XP
 D = Non-vault monster count
 E = Vault monster count
 F = Vault count percentage of total count
                 A         B        C        D         E       F
            +---------+---------+-------+---------+---------+-------
      Total |       0 |     134 | 100.0 |       0 |       4 | 100.0
            +---------+---------+-------+---------+---------+-------
          D |       0 |     134 | 100.0 |       0 |       4 | 100.0
            +---------+---------+-------+---------+---------+-------
